 Dungeon Crawl Stone Soup version 0.31-a0-960-g0fca184906 (webtiles) character file.

Game seed: 6636145609077547159

255479 Flugkiller the Executioner (level 17, -31/170 HPs)
             Began as a Hill Orc Hexslinger on Oct 23, 2023.
             Was the Champion of Ru.
             Killed from afar by a deep elf annihilator (63 damage)
             ... with an iron shot
             ... on level 3 of the Elven Halls.
             The game lasted 00:58:55 (39262 turns).

Flugkiller the Executioner (Hill Orc Hexslinger)   Turns: 39262, Time: 00:58:56

Health: -31/170    AC: 32    Str: 23    XL:     17   Next: 78%
Magic:  18/18      EV: 21    Int: 13    God:    Ru [******]
Gold:   3059       SH:  9    Dex: 19    Spells: 16/18 levels left

rFire   + . .        H - +6 broad axe (spect)
rCold   + . .        g - +2 buckler
rNeg    + . .        x - +6 chain mail of Disaster {rN+ Dex+4}
rPois   .            S - +2 helmet
rElec   .            M - scarf {rC+ rF+}
rCorr   .            j - +2 pair of gloves
SInv    .            W - +2 pair of boots {Stlth+}
Will    +....        P - amulet of regeneration Stlth
                     J - +5 ring of evasion
HPRegen 1.28/turn    K - +6 ring of strength
MPRegen 0.16/turn

%: no passive effects
@: silenced (expiring), hasted, very quick
A: inability to drink after injury 2, hated by all, no ice magic, no
translocations magic, no transmutations magic, inexperienced 2
}: 2/15 runes: decaying, gossamer
a: Renounce Religion


You were on level 3 of the Elven Halls.
You worshipped Ru.
Ru was exalted by your worship.
You visited 7 branches of the dungeon, and saw 34 of its levels.
You also visited: Gauntlet and Ice Cave.

You collected 4731 gold pieces.
You spent 1672 gold pieces at shops.

Inventory:

Hand Weapons
 H - a +6 spectral broad axe (weapon)
   (You took it off Asterion on level 1 of the Elven Halls)
Missiles
 c - 5 curare-tipped darts (quivered)
 i - 17 javelins
 T - 2 throwing nets
 X - 4 silver javelins
Armour
 a - a +2 tower shield of cold resistance
   (You found it in an ice cave)
 g - a +2 buckler (worn)
   (You found it on level 7 of the Dungeon)
 j - a +2 pair of gloves (worn)
   (You found it on level 1 of the Dungeon)
 k - the +5 chain mail "Lis Tun" {rElec Dex+2}
   (You bought it in a shop on level 2 of the Orcish Mines)

   Dex+2:     It affects your dexterity (+2).
   rElec:     It insulates you from electricity.
 x - the +6 chain mail of Disaster (worn) {rN+ Dex+4}
   (You found it on level 4 of the Dungeon)

   Dex+4:     It affects your dexterity (+4).
   rN+:       It protects you from negative energy.
 M - a scarf of resistance (worn)
   (You found it on level 3 of the Lair of Beasts)
 S - a +2 helmet (worn)
   (You found it on level 1 of the Dungeon)
 W - a +2 pair of boots of stealth (worn)
   (You found it on level 1 of the Swamp)
Jewellery
 m - a ring of willpower
   (You found it on level 2 of the Lair of Beasts)
 p - a ring of protection from fire
   (You found it on level 10 of the Dungeon)
 v - a +5 ring of evasion
   (You found it on level 8 of the Dungeon)
 C - a +4 ring of protection
   (You found it on level 2 of the Spider Nest)
 G - a ring of ice
   (You found it on level 2 of the Lair of Beasts)
 J - a +5 ring of evasion (left hand)
   (You found it on level 15 of the Dungeon)
 K - a +6 ring of strength (right hand)
   (You found it on level 4 of the Spider Nest)
 L - the ring "Gutit" {rPois rF- Str+6 Dex+2}
   (You found it on level 3 of the Spider Nest)

   [ring of strength]

   Str+6:     It affects your strength (+6).
   Dex+2:     It affects your dexterity (+2).
   rF-:       It makes you vulnerable to fire.
   rPois:     It protects you from poison
 P - an amulet of regeneration (around neck)
   (You found it on level 4 of the Lair of Beasts)
Wands
 f - a wand of quicksilver (11)
   (You took it off an orc on level 8 of the Dungeon)
 B - a wand of digging (10)
   (You found it on level 10 of the Dungeon)
 Q - a wand of mindburst (7)
   (You found it on level 4 of the Lair of Beasts)
 V - a wand of paralysis (25)
   (You found it on level 5 of the Lair of Beasts)
Scrolls
 b - 3 scrolls of poison
 e - 2 scrolls of vulnerability
 r - 10 scrolls of identify
 t - 11 scrolls of teleportation
 z - 2 scrolls of blinking
 A - 3 scrolls of revelation
 E - 3 scrolls of immolation
 I - 2 scrolls of enchant armour
 N - 3 scrolls of fear
 O - 6 scrolls of fog
Potions
 d - 4 potions of might
 h - 7 potions of haste
 n - a potion of resistance
 q - 3 potions of curing
 s - 8 potions of attraction
 u - a potion of berserk rage
 y - 4 potions of mutation
 F - 11 potions of ambrosia
 U - 4 potions of magic
 Z - 2 potions of invisibility


   Skills:
 - Level 20.2 Fighting
 - Level 23.6 Axes
 - Level 4.0 Ranged Weapons
 - Level 18.5 Armour
 - Level 13.0 Dodging
 + Level 8.1 Shields
 - Level 1.0 Spellcasting
 - Level 5.0 Hexes
 - Level 1.1 Fire Magic
 - Level 5.0 Evocations


You had 16 spell levels left.
You knew the following spells:

 Your Spells              Type           Power      Damage    Failure   Level
a - Jinxbite              Hex            26%        N/A       21%         2

Your spell library contained the following spells:

 Spells                   Type           Power      Damage    Failure   Level
 Slow                     Hex            52%        N/A       13%         1
 Confusing Touch          Hex            13%        N/A       36%         3
 Sigil of Binding         Hex            13%        N/A       36%         3
 Inner Flame              Hex/Fire       8%         N/A       65%         3
 Kiss of Death            Conj/Necr      0%         2d5       71%         1
 Sandblast                Erth           0%         2d4       71%         1
 Dazzling Flash           Conj/Hex       14%        N/A       73%         3
 Cause Fear               Hex            6%         N/A       78%         4
 Poisonous Vapours        Pois/Air       0%         N/A       83%         2
 Sublimation of Blood     Necr           0%         N/A       83%         2
 Mephitic Cloud           Conj/Pois/Air  0%         N/A       97%         3
 Stone Arrow              Conj/Erth      0%         3d7       97%         3
 Vampiric Draining        Necr           0%         2d6       97%         3
 Anguish                  Hex/Necr       3%         N/A       98%         4
 Leda's Liquefaction      Hex/Erth       3%         N/A       98%         4
 Brom's Barrelling Bould  Conj/Erth      0%         2d3       100%        4
 Dispel Undead            Necr           0%         3d6       100%        4
 Agony                    Necr           0%         N/A       100%        5
 Silence                  Hex/Air        3%         N/A       100%        5
 Starburst                Conj/Fire      1%         6d3       100%        6
 Enfeeble                 Hex            6%         N/A       100%        7
 Maxwell's Capacitive Co  Air            0%         ∞         100%        8
 Passwall                 Tmut/Erth      Unusable   N/A       N/A         2
 Volatile Blastmotes      Fire/Tloc      Unusable   2d10      N/A         3
 Call Canine Familiar     Summ           Unusable   N/A       N/A         3
 Dimensional Bullseye     Hex/Tloc       Unusable   N/A       N/A         4
 Petrify                  Tmut/Erth      Unusable   N/A       N/A         4
 Freezing Cloud           Conj/Ice/Air   Unusable   6-21      N/A         5
 Irradiate                Conj/Tmut      Unusable   3d11      N/A         5

Dungeon Overview and Level Annotations

Branches:
Dungeon (15/15) Zot: 24950  Temple (1/1) D:5 Zot: 5998    Lair (5/5) D:8 Zot: 23596
  Swamp (4/4) Lair:2 Zot: 20375  Spider (4/4) Lair:2 Zot: 17293   Slime (0/5) Lair:5
    Orc (2/2) D:10 Zot: 10228     Elf (3/3) Orc:2 Zot: 15309  Vaults (0/5) D:13
 Depths (0/4) D:15          IceCv (visited)         Gauntlet (visited)

Altars:
Ashenzari
Cheibriados
Dithmenos
Elyvilon
Gozag
Kikubaaqudgha
Makhleb
Nemelex Xobeh
Okawaru
Qazlal
Ru
Sif Muna
Trog
Uskayaw
Vehumet
Wu Jian
Xom
Zin
The Shining One

Shops:
D:4 *   D:9 [   Orc:2 (:!?[   Elf:2 (

Portals:
Trove: D:15 (give 14 scrolls of teleportation)

Annotations:
D:3 Terence
D:4 Pikel
D:13 1 transporter
Lair:2 exclusion: oklob plant
Lair:3 exclusion: oklob plant
Spider:2 Donald


Innate Abilities, Weirdness & Mutations

You sometimes lose the ability to drink potions when taking damage.
You are hated by all.
You cannot study or cast Ice magic.
You cannot study or cast Translocations magic.
You cannot study or cast Transmutations magic.
You are inexperienced. (-2 XL)


Message History

The deep elf death mage hits you but does no damage.
You are electrocuted!!
* * * LOW HITPOINT WARNING * * *
Magic scrolls do not work when you're silenced!
Unknown command.
You feel much better.
The deep elf blademaster is stunned by your conviction and fails to attack.
The deep elf death mage completely misses you.
The deep elf blademaster hits you but does no damage. x2
You slash the deep elf blademaster!
You kill the deep elf blademaster!
You hit the deep elf death mage but do no damage.
Your +6 spectral broad axe hits the deep elf death mage!
Your +6 spectral broad axe hits the deep elf elementalist!
You feel less exhausted.
The deep elf elementalist hits your +6 spectral broad axe with a +0 dagger!
Your spectral weapon shares its damage with you!
* * * LOW HITPOINT WARNING * * *
The deep elf death mage hits your +6 spectral broad axe with a staff of air.
Your spectral weapon shares its damage with you!
Your +6 spectral broad axe is electrocuted!
Your spectral weapon shares its damage with you!
* * * LOW HITPOINT WARNING * * *
You focus your inner power and illuminate the deep elf death mage in retribution!
Unknown command.
You feel yourself speed up.
Your +6 spectral broad axe disappears.
The deep elf death mage is stunned by your conviction and fails to attack.
You feel better.
You feel better.
The deep elf demonologist begins to cast a spell, but is stunned by your conviction!
The deep elf death mage completely misses you.
Unknown command.
Unknown command.
You slice the deep elf elementalist!!
The deep elf elementalist is heavily wounded.
You completely miss the deep elf death mage.
Your +6 spectral broad axe hits the deep elf elementalist.
Your +6 spectral broad axe hits the deep elf death mage.
Your +6 spectral broad axe hits the deep elf demonologist!!
Your +6 spectral broad axe hits the deep elf death mage!!
Your +6 spectral broad axe hits the deep elf elementalist!
Your +6 spectral broad axe hits the deep elf demonologist!
The deep elf elementalist closely misses you.
The deep elf death mage hits your +6 spectral broad axe with a staff of air.
Your spectral weapon shares its damage with you!
Your +6 spectral broad axe is electrocuted.
Your spectral weapon shares its damage with you!
* * * LOW HITPOINT WARNING * * *
The deep elf demonologist begins to cast a spell, but is stunned by your conviction!
Unknown command.
You closely miss the deep elf elementalist.
The deep elf elementalist is almost dead.
You slash the deep elf death mage!
You kill the deep elf death mage!
Your +6 spectral broad axe hits the deep elf elementalist.
Your +6 spectral broad axe hits the deep elf demonologist.
Unknown command.
You catch the helpless deep elf elementalist completely off-guard!
You slice the deep elf elementalist!!
You kill the deep elf elementalist!
Your +6 spectral broad axe disappears.
Unknown command.
Unknown command.
Okay, then.
Unknown command.
Unknown command.
Magic scrolls do not work when you're silenced!
Unknown command.
The deep elf demonologist barely misses you.
The deep elf annihilator casts a spell at you.
The bolt of lightning misses you. x2
Items here: )) [[ | †††.
Unknown command.
You slice the deep elf annihilator!!
The deep elf annihilator is moderately wounded.
You closely miss the deep elf high priest.
You hit the deep elf demonologist.
Your +6 spectral broad axe misses the deep elf annihilator.
Your +6 spectral broad axe barely misses the deep elf demonologist.
You block the deep elf high priest's attack.
A deep elf high priest comes into view. It is wielding a +0 scimitar.
The deep elf annihilator hits you but does no damage.
The deep elf demonologist hits you but does no damage.
You hit the deep elf annihilator.
The deep elf annihilator is moderately wounded.
You slash the deep elf demonologist! You slash the deep elf high priest!
Your +6 spectral broad axe barely misses the deep elf annihilator.
Your +6 spectral broad axe hits the deep elf demonologist!!!
You kill the deep elf demonologist!
The rust devil disappears in a puff of smoke!
Your Shields skill increases to level 8!
Unknown command.
You hit the deep elf annihilator.
The deep elf annihilator is heavily wounded.
You hit the deep elf high priest.
Your +6 spectral broad axe hits the deep elf annihilator!
The deep elf annihilator points at you and mumbles some strange words.
The iron shot hits you!!!
You die...

#.####.#..........# #.#
##+##........## #.#
#......#####'# #.#
#.......## #.# #.#
#........# #.#
#.###........# #.#
#))†)).......###.#
...#######.))#).......'...#
.........##@(#........###.#
.....###.eee.#....(...# #.#
...§.....###.#........# #.#
...####### #.##.......# #.#
.# #.##'####'## #.# .#
###.##.# #.# #.# .#
#'...#.####.####.# .#
###....##........# .#
#........(..##.#


You could see a deep elf annihilator, 2 deep elf high priests and a friendly +6
spectral broad axe.

Vanquished Creatures
  Mara (Elf:3)
  Norris (Elf:1)
  Arachne (Spider:3)
  A tentacled monstrosity (Swamp:1)
  Asterion (Elf:1)
  2 deep elf master archers (Elf:3)
  3 deep elf blademasters
  Frances (Swamp:1)
  4 thorn hunters
  Agnes (D:15)
  2 deep elf sorcerers (Elf:3)
  4 emperor scorpions
  14 ghost moths
  3 deep elf elementalists (Elf:3)
  3 broodmothers
  A minotaur (Gauntlet)
  A bunyip (Swamp:3)
  4 eleionomae
  6 deep elf annihilators
  3 deep elf demonologists (Elf:3)
  7 spark wasps
  Snorg (D:10)
  5 deep elf death magi (Elf:3)
  Josephine (D:12)
  A deep elf high priest (Elf:3)
  A rakshasa (D:15)
  4 entropy weavers
  4 vault guards (D:13)
  Erolcha (D:9)
  18 hydras
  7 boulder beetles
  A ghost crab (Swamp:1)
  4 merfolk avatars (Swamp:2)
  A catoblepas (Lair:1)
  2 ogre magi (Orc:2)
  6 alligators
  4 centaur warriors
  4 jorogumos
  An anaconda (Lair:5)
  2 radroaches
  A death scarab (Spider:3)
  A death knight (D:15)
  A two-headed ogre (D:8)
  27 dancing weapons
  5 demonic crawlers
  A tengu warrior (D:14)
  An orc high priest (Orc:2)
  8 deep elf knights
  Nergalle (Orc:2)
  2 skysharks (Elf:1)
  4 sun moths
  6 pharaoh ants
  A skeletal warrior (D:15)
  2 spriggan druids (Swamp:3)
  7 goliath frogs
  9 orb spiders
  A glowing orange brain (D:15)
  9 deep elf archers
  6 steelbarb worms
  6 bog bodies
  10 swamp dragons
  19 deep elf pyromancers
  2 orc knights
  18 ugly things
  6 orc sorcerers (Orc:2)
  17 deep elf zephyrmancers
  24 wolf spiders
  7 manticores
  2 will-o-the-wisps
  4 cyclopes
  3 ice statues (IceCv)
  3 moths of wrath
  15 elephants
  4 black mambas
  A cane toad (shapeshifter) (D:15)
  12 cane toads
  4 torpor snails
  2 gargoyles
  6 komodo dragons
  Psyche (D:10)
  2 rime drakes
  2 unseen horrors (D:11)
  A tengu conjurer (D:15)
  An efreet (D:14)
  2 ice devils (D:13)
  A wolf spider simulacrum (D:15)
  9 hornets
  A queen bee (Spider:1)
  3 meliai (Spider:1)
  13 trolls
  10 tarantellas
  5 tyrant leeches
  2 raiju (Lair:5)
  10 polar bears
  A tyrant leech (shapeshifter) (D:15)
  2 dream sheep (Lair:5)
  9 blink frogs
  Sigmund (D:3)
  A spectral black mamba (Gauntlet)
  20 slime creatures
  28 jumping spiders
  17 culicivoras
  2 air elementals
  4 shadows
  3 water elementals
  A spriggan (Swamp:4)
  8 wyverns
  44 yaks
  A shapeshifter (D:13)
  A dire elephant simulacrum (IceCv)
  7 wraiths
  3 basilisks
  2 fire elementals
  30 redbacks
  9 wargs
  2 death yak simulacra (IceCv)
  15 vampire mosquitoes
  17 swamp worms
  A harpy simulacrum (IceCv)
  9 water moccasins
  An acid dragon (D:12)
  15 hell hounds (Lair:5)
  8 swamp drakes
  2 ice beasts
  A sky beast (D:6)
  17 black bears
  14 orc warriors
  14 ogres
  13 wolves (Lair:5)
  5 centaurs
  3 phantoms
  8 bullfrogs
  3 kobold brigands
  4 earth elementals
  3 scorpions
  4 wights (D:10)
  A troll zombie (D:10)
  2 elephant simulacra (IceCv)
  21 killer bees
  4 electric eels
  6 howler monkeys
  An iron imp (D:7)
  10 orc priests
  2 jellies
  2 hounds (D:6)
  2 iguanas (D:8)
  39 orc wizards
  2 wolf simulacra (IceCv)
  5 ogre zombies (D:10)
  4 gnolls (D:5)
  4 adders
  2 white imps
  2 ufetubi (D:6)
  2 worms
  A dart slug (D:4)
  50 orcs
  5 bats
  6 endoplasms
  4 giant cockroaches
  7 goblins
  5 hobgoblins
  2 quokkas
  10 ball pythons
  8 frilled lizards
  A gnoll skeleton (D:10)
  A gnoll zombie (D:10)
  16 kobolds
  3 orc skeletons (D:10)
  14 orc zombies (D:10)
  5 rats
  2 spectral weapons (Elf:1)
1057 creatures vanquished.

Vanquished Creatures (others)
  A ghost moth (Spider:4)
  An eleionoma (Swamp:2)
  6 hydras
  An alligator (Swamp:2)
  A dancing weapon (Elf:2)
  A swamp dragon (Swamp:4)
  A spriggan druid (Swamp:1)
  A deep elf pyromancer (Elf:2)
  4 wolf spiders
  An orc sorcerer (Orc:2)
  An ugly thing (D:14)
  A cyclops (D:14)
  A torpor snail (Spider:2)
  A cane toad (Lair:5)
  A troll (Orc:2)
  2 bloated husks
  A hornet (Spider:4)
  A tarantella (Spider:4)
  A blink frog (Lair:3)
  2 jumping spiders (Spider:4)
  2 culicivoras (Spider:4)
  2 yaks
  2 spriggans (Swamp:1)
  2 redbacks (Spider:4)
  A water moccasin (Lair:5)
  3 orc wizards
  An adder (D:6)
  22 foxfires
  3 spectral weapons (Elf:3)
68 creatures vanquished.

Grand Total: 1125 creatures vanquished

Notes
Turn   | Place    | Note
-------+----------+-------------------------------------------
     0 | D:1      | Flugkiller the Hill Orc Hexslinger began the quest for the
                  | Orb.
     0 | D:1      | Reached XP level 1. HP: 16/16 MP: 2/2
   304 | D:1      | Reached XP level 2. HP: 25/25 MP: 3/3
   307 | D:1      | Learned a level 2 spell: Jinxbite
  1011 | D:1      | Reached XP level 3. HP: 31/31 MP: 4/4
  2040 | D:3      | Noticed Terence
  2179 | D:3      | Found a sacrificial altar of Ru.
  2228 | D:3      | Became a worshipper of Ru the Awakened
  2325 | D:3      | Reached XP level 4. HP: 38/38 MP: 5/5
  2484 | D:3      | Noticed Sigmund
  2611 | D:3      | Killed Sigmund
  2612 | D:3      | Reached XP level 5. HP: 43/45 MP: 3/6
  2612 | D:3      | Reached XP level 6. HP: 48/51 MP: 3/7
  2852 | D:4      | Noticed Pikel
  2998 | D:4      | Identified the +6 chain mail of Disaster {rN+ Dex+4}
  3308 | D:4      | Found Ryiv's Retail Resort.
  3386 | D:4      | Reached skill level 1 in Axes
  3386 | D:4      | Reached skill level 5 in Hexes
  3469 | D:4      | Reached skill level 2 in Axes
  3654 | D:5      | Entered Level 5 of the Dungeon
  3889 | D:5      | Noticed a black bear
  3902 | D:4      | Killed a black bear
  3903 | D:4      | Reached skill level 4 in Axes
  3903 | D:4      | Reached XP level 7. HP: 57/57 MP: 6/8
  3992 | D:5      | Found a staircase to the Ecumenical Temple.
  4002 | Temple   | Entered the Ecumenical Temple
  4038 | D:5      | Identified a scroll of acquirement
  4197 | D:5      | Found an opulent altar of Gozag.
  4566 | D:5      | Reached skill level 5 in Axes
  4566 | D:5      | Reached skill level 1 in Armour
  4653 | D:5      | Gained mutation: You cannot study or cast Ice magic. [Ru
                  | sacrifice]
  4653 | D:5      | Gained mutation: You cannot study or cast Transmutations
                  | magic. [Ru sacrifice]
  4653 | D:5      | Gained mutation: You cannot study or cast Translocations
                  | magic. [Ru sacrifice]
  4653 | D:5      | Reached * piety under Ru
  5620 | D:6      | Reached skill level 6 in Axes
  5622 | D:6      | Reached XP level 8. HP: 66/67 MP: 9/9
  5922 | D:6      | Reached skill level 5 in Fighting
  6391 | D:6      | Reached skill level 5 in Armour
  6600 | D:7      | Found a snail-covered altar of Cheibriados.
  6819 | D:7      | Reached skill level 7 in Axes
  6819 | D:7      | Reached XP level 9. HP: 51/78 MP: 10/10
  7220 | D:7      | Found an ancient bone altar of Kikubaaqudgha.
  7535 | D:7      | Reached skill level 8 in Axes
  7623 | D:7      | Gained mutation: You occasionally lose the ability to drink
                  | potions when taking damage. [Ru sacrifice]
  7623 | D:7      | Gained mutation: You sometimes lose the ability to drink
                  | potions when taking damage. [Ru sacrifice]
  7623 | D:7      | Reached ** piety under Ru
  7782 | D:8      | Reached skill level 9 in Axes
  8035 | D:8      | Reached skill level 10 in Axes
  8047 | D:8      | Reached XP level 10. HP: 88/90 MP: 11/11
  8055 | D:8      | Found a staircase to the Lair.
  8141 | D:8      | Noticed a two-headed ogre
  8150 | D:8      | Killed a two-headed ogre
  8151 | D:8      | Reached skill level 11 in Axes
  8900 | D:9      | Found Tumereuf's Antique Armour Shoppe.
  9026 | D:9      | Reached skill level 1 in Evocations
  9074 | D:9      | Noticed Erolcha
  9087 | D:9      | Killed Erolcha
  9088 | D:9      | Reached skill level 12 in Axes
  9603 | D:9      | Found a shadowy altar of Dithmenos.
  9648 | D:9      | Reached XP level 11. HP: 99/99 MP: 12/12
  9884 | D:10     | Entered Level 10 of the Dungeon
  9937 | D:10     | Reached skill level 13 in Axes
  9954 | D:10     | Found a staircase to the Orcish Mines.
 10002 | D:10     | Noticed Psyche
 10004 | D:10     | Noticed Snorg
 10028 | D:10     | Killed Psyche
 10029 | D:10     | Reached skill level 10 in Fighting
 10036 | D:10     | Killed Snorg
 10069 | D:10     | Gained mutation: You are somewhat inexperienced. (-1 XL)
                  | [Ru sacrifice]
 10069 | D:10     | Reached XP level 10. HP: 93/93 MP: 11/11
 10069 | D:10     | Reached *** piety under Ru
 10069 | D:10     | Reached **** piety under Ru
 10141 | D:10     | Found an ornate altar of the Wu Jian Council.
 10141 | D:10     | Found a glowing silver altar of Zin.
 10179 | D:10     | Found a hide-covered altar of Uskayaw.
 10184 | D:10     | Found an iron altar of Okawaru.
 10189 | D:10     | Identified the +4 dagger of the Undead {freeze, rN++ Int+2
                  | Dex+3}
 10197 | D:10     | Noticed Urug
 10215 | D:10     | Urug changed into Urug the elephant
 10215 | D:10     | Noticed Urug
 10216 | D:10     | HP: 4/89 [poisoned by Urug]
 10220 | D:10     | HP: 1/89 [poisoned by Urug]
 10489 | D:10     | Killed Urug the elephant
 10632 | D:10     | Acquired a +0 vampiric battleaxe
 10695 | D:10     | Reached skill level 14 in Axes
 11701 | D:11     | Reached skill level 5 in Evocations
 11923 | D:11     | Noticed a manticore
 11931 | D:11     | Killed a manticore
 11932 | D:11     | Reached XP level 11. HP: 90/101 MP: 12/12
 12112 | Lair:1   | Entered Level 1 of the Lair of Beasts
 12238 | Lair:1   | Reached skill level 15 in Axes
 12405 | Lair:1   | Found a hide-covered altar of Uskayaw.
 12405 | Lair:1   | Found an ornate altar of the Wu Jian Council.
 12405 | Lair:1   | Noticed a boulder beetle
 12430 | Lair:1   | Killed a boulder beetle
 12504 | Lair:1   | Noticed a catoblepas
 12531 | Lair:1   | Killed a catoblepas
 12534 | Lair:1   | Reached skill level 10 in Armour
 12598 | Lair:1   | Identified the +10 morningstar of Meschoywn {heavy, rPois
                  | rC+ Int+6}
 12600 | Lair:1   | Found an opulent altar of Gozag.
 13191 | Lair:2   | Gained mutation: You are inexperienced. (-2 XL) [Ru
                  | sacrifice]
 13191 | Lair:2   | Reached XP level 10. HP: 96/96 MP: 11/11
 13191 | Lair:2   | Reached ***** piety under Ru
 13331 | Lair:2   | Found a hole to the Spider Nest.
 13898 | Lair:2   | Found a staircase to the Swamp.
 14069 | Lair:2   | Reached skill level 16 in Axes
 14911 | Lair:3   | Reached XP level 11. HP: 98/104 MP: 12/12
 15108 | Lair:3   | Gained mutation: You are hated by all. [Ru sacrifice]
 15108 | Lair:3   | Reached ****** piety under Ru
 15589 | Lair:4   | Reached skill level 17 in Axes
 15846 | Lair:4   | Identified the +1 robe of Taqu {Int+2 Dex+3}
 15942 | Lair:4   | Reached skill level 5 in Dodging
 16466 | Lair:5   | Identified the "Iruuluv"
 16466 | Lair:5   | Entered Level 5 of the Lair of Beasts
 16666 | Lair:5   | Found a staircase to the Slime Pits.
 16818 | Lair:5   | Reached skill level 18 in Axes
 17353 | Lair:5   | Reached XP level 12. HP: 103/115 MP: 13/13
 17489 | Lair:5   | Reached skill level 19 in Axes
 18799 | D:12     | Noticed Josephine
 18817 | D:12     | Killed Josephine
 19343 | D:13     | Found a frozen archway.
 19390 | IceCv    | Entered an ice cave
 19869 | D:13     | Found a gate to the Vaults.
 19886 | D:13     | Reached skill level 20 in Axes
 20099 | D:13     | Found a transporter.
 20370 | D:14     | Reached XP level 13. HP: 76/121 MP: 14/14
 20500 | D:14     | Found a sparkling altar of Nemelex Xobeh.
 20727 | D:14     | Identified the +6 falchion "Uveifo" {flame, Will+}
 20816 | D:14     | Reached skill level 15 in Fighting
 21394 | D:15     | Entered Level 15 of the Dungeon
 21635 | D:15     | Noticed Agnes
 21645 | D:15     | Killed Agnes
 21697 | D:15     | Found a portal to a secret trove of treasure.
 21909 | D:15     | Found a staircase to the Depths.
 22730 | Orc:1    | Entered Level 1 of the Orcish Mines
 22916 | Gauntlet | Identified the "Maefuuj"
 22916 | Orc:2    | Entered Level 2 of the Orcish Mines
 22944 | Orc:2    | Found a staircase to the Elven Halls.
 22963 | Orc:2    | Found Puok's Antique Weapon Emporium.
 23079 | Orc:2    | Found a gate leading to a gauntlet.
 23114 | Gauntlet | Entered a Gauntlet
 23114 | Gauntlet | Found a transporter.
 23126 | Gauntlet | Found a transporter.
 23127 | Gauntlet | Found a transporter.
 23131 | Gauntlet | Found a transporter.
 23138 | Gauntlet | Found a transporter.
 23139 | Gauntlet | Found a transporter.
 23140 | Gauntlet | Found a transporter.
 23148 | Gauntlet | Found a transporter.
 23151 | Gauntlet | Found a transporter.
 23152 | Gauntlet | Found a transporter.
 23160 | Gauntlet | Found a transporter.
 23163 | Gauntlet | Found a transporter.
 23164 | Gauntlet | Found a transporter.
 23168 | Gauntlet | Found a runed translucent door.
 23168 | Gauntlet | Found a runed translucent door.
 23172 | Gauntlet | Found a transporter.
 23296 | Gauntlet | Identified the staff of Internal Strife {+Blink Int-2 SInv
                  | Stlth+ Earth}
 23640 | Orc:2    | Found an ancient bone altar of Kikubaaqudgha.
 23641 | Orc:2    | Noticed Nergalle
 23663 | Orc:2    | Killed Nergalle
 23669 | Orc:2    | Found Dynlefic's Distillery.
 23706 | Orc:2    | Found a radiant altar of Vehumet.
 23754 | Orc:2    | Found Utos's Book Boutique.
 23766 | Orc:2    | Found Cuemudy's Antique Armour Shop.
 23785 | Orc:2    | Found Xakiteb's Magic Scroll Shop.
 24344 | Orc:2    | Bought a scroll of acquirement for 676 gold pieces
 24344 | Orc:2    | Acquired a +2 executioner's axe of draining
 24366 | Orc:2    | Bought a smoking chain mail for 285 gold pieces
 24366 | Orc:2    | Identified the +5 chain mail "Lis Tun" {rElec Dex+2} (You
                  | bought it in a shop on level 2 of the Orcish Mines)
 24408 | Orc:2    | Bought a potion of heal wounds for 70 gold pieces
 24408 | Orc:2    | Bought a potion of heal wounds for 70 gold pieces
 24408 | Orc:2    | Bought a potion of invisibility for 112 gold pieces
 24408 | Orc:2    | Bought 2 potions of heal wounds for 140 gold pieces
 24408 | Orc:2    | Bought a potion of heal wounds for 70 gold pieces
 24408 | Orc:2    | Bought a potion of might for 56 gold pieces
 24408 | Orc:2    | Bought a potion of berserk rage for 70 gold pieces
 24437 | Orc:2    | Bought a scroll of brand weapon for 123 gold pieces
 24664 | Spider:1 | Entered Level 1 of the Spider Nest
 24836 | Spider:1 | Reached XP level 14. HP: 133/134 MP: 15/15
 25021 | Spider:1 | Reached skill level 15 in Armour
 25930 | Spider:2 | Reached skill level 10 in Dodging
 26864 | Spider:2 | Reached skill level 21 in Axes
 26884 | Spider:2 | Noticed Donald
 27715 | Spider:3 | Identified the ring "Gutit" {rPois rF- Str+6 Dex+2}
 27931 | Spider:3 | Noticed Arachne
 27939 | Spider:3 | Reached XP level 15. HP: 126/137 MP: 16/16
 28728 | Spider:3 | ffs
 28740 | Spider:3 | Killed Arachne
 28931 | Spider:4 | Entered Level 4 of the Spider Nest
 31042 | Spider:4 | Paralysed by a hornet for 1 turns
 31046 | Spider:4 | Paralysed by a hornet for 3 turns
 31472 | Spider:4 | Got a gossamer rune of Zot
 31487 | Spider:4 | Reached skill level 22 in Axes
 31851 | Swamp:1  | Entered Level 1 of the Swamp
 32445 | Swamp:1  | Noticed a tentacled monstrosity
 32472 | Swamp:1  | Killed a tentacled monstrosity
 32674 | Swamp:1  | Noticed Frances
 32686 | Swamp:1  | Killed Frances
 33597 | Swamp:2  | Reached XP level 16. HP: 90/159 MP: 17/17
 33773 | Swamp:2  | You fall into a shaft and drop 1 floor!
 34693 | Swamp:2  | Identified the +2 great sword "Joz Tiod" {heavy, rPois
                  | Will- MP+9}
 34939 | Swamp:4  | Entered Level 4 of the Swamp
 35674 | Swamp:4  | Got a decaying rune of Zot
 35952 | Vaults:5 | Identified the of Nainkih
 35952 | Crypt:3  | Identified the of Vecwunk
 35952 | Elf:1    | Entered Level 1 of the Elven Halls
 35980 | Elf:1    | Noticed Asterion
 36001 | Elf:1    | Killed Asterion
 36002 | Elf:1    | Reached skill level 23 in Axes
 36444 | Elf:1    | Paralysed by an air elemental for 1 turns
 36458 | Elf:1    | Noticed Norris
 36505 | Elf:1    | Killed Norris
 36867 | Elf:2    | Reached XP level 17. HP: 134/161 MP: 18/18
 36959 | Elf:2    | Found Moazido's Weapon Emporium.
 37003 | Elf:2    | Found a runed translucent gate.
 37003 | Elf:2    | Found a runed translucent gate.
 37004 | Elf:2    | Found a runed translucent gate.
 38115 | Elf:2    | Acquired 1325 gold pieces
 38807 | Elf:3    | Entered Level 3 of the Elven Halls
 38809 | Elf:3    | Paralysed by an air elemental for 1 turns
 38811 | Elf:3    | Paralysed by an air elemental for 1 turns
 38830 | Elf:3    | Reached skill level 1 in Shields
 38952 | Elf:3    | Noticed Mara
 38963 | Elf:3    | Killed Mara
 39106 | Elf:3    | Reached skill level 5 in Shields
 39224 | Elf:3    | Identified the ring "Fioff" {Wiz rC- rCorr Int+3 SInv}
 39262 | Elf:3    | Killed from afar by a deep elf annihilator

Illustrated notes

.#....# ### #..##.##....#...#..#
##..#####H# ###.####........#^^.
###.####.#.B...##.#.########.#...
#.#^..#.####.H..##..#..#...###...
..##.#...# w.###.##..##..^####.
.^.###..## ###.##^...##.#....#
##...#####. ##...###...#.^#...##
.#.......##. #...##....##.###.##.
.#####...#..###.@#....##.##.###..
..##.^...###.##H##..."#..#.#.#..#
.##..###..#...##.#....##..##.##.#
##.#####.^# #....#.....####.##..#
#..# #..### ######......[##..##.#
^.## #.## ###....†..####..###.#
### #..## #.##.####...#...###.#
##^.####..###..#..##..##...#
##.##..#.#......##^###.#..#


Turn 28728 on Spider:3: ffs

Levels and vault maps discovered:
D:1:      saegor_arrival_fortress, layout_basic
D:2:      layout_basic, nicolae_kite_square_tiling_tiny
D:3:      layout_basic, hangedman_ru_absence, uniq_terence, uniq_sigmund
D:4:      layout_basic, hangedman_decor_opposing, nicolae_alphabet_shops,
          uniq_pikel
D:5:      layout_cave_pods, mainiacjoe_overflow_boulevard,
          minmay_temple_entry_trees, grunt_ministairs_11
D:6:      layout_loops_corners
D:7:      layout_layer_cave, slow_altar_1, lemuel_round_altar
D:8:      layout_loops_ring, minmay_lair_entry_grove
D:9:      layout_roguey, nicolae_overflow_hidden_temple,
          nicolae_take_the_stairs, uniq_erolcha
D:10:     layout_cave_pools, nicolae_overflow_macrodata_refinement,
          zombieorc1_lemuel, kennysheep_small_spiral, corexii_corridor_pit,
          uniq_snorg, uniq_psyche, uniq_urug
D:11:     layout_roguey
D:12:     layout_grid_maze, uniq_josephine
D:13:     emtedronai_trogs_sanctum, layout_basic,
          lightli_vaults_fourway_checkpoint, portal_ice_cave_demonic_guard,
          serial_glass, glass_columns_a, glass_columns_a, glass_columns_c,
          glass_columns_b, glass_columns_a, glass_columns_c
D:14:     layout_stronghold, serial_glass, glass_columns_c, glass_columns_a,
          nemelex_diamond_rough_becter, hangedman_decor_diamond_cutter,
          chequers_big_river, nrook_uturn
D:15:     gammafunk_enter_depths_forms, layout_stronghold, enter_trove_2,
          uniq_agnes
Temple:   hellmonk_temple_forest_ring
Lair:1:   layout_long_grid, basic_altar, serial_bayou_pond_d,
          nzn_masters_of_martial_movement
Lair:2:   layout_regular_city, swamp_mist_pool,
          hellmonk_spider_entry_life_and_decay, minmay_holes
Lair:3:   layout_chaotic_city, cheibrodos_lair_caveside_slide
Lair:4:   layout_cave_pods, serial_bayou_shore_b
Lair:5:   hangedman_lair_caniforms_friends, layout_loops_ring, slime_entry_1,
          eino_small_chamber_without_monster, grunt_megastairs_2
Swamp:1:  cheibrodos_swamp_monstrosity, layout_basic_swamp,
          evilmike_swamp_ruin_wall, swamp_pool4, nicolae_swamp_hydra_murder_den,
          infiniplex_staircase_pool_2, uniq_frances
Swamp:2:  layout_falls_marsh, evilmike_swamp_ruin_house_6, swamp_pool4,
          nicolae_swamp_fairy_circle, grunt_lady_of_the_lake
Swamp:3:  layout_falls_marsh, evilmike_swamp_ruin_rubble_2
Swamp:4:  swamp, layout_basic_swamp, swamp_pool1
Spider:1: layout_spider_delve, special_room [special_room_bee],
          nicolae_spider_world_wide_web
Spider:2: nicolae_spider_hilbert_zone_1 [nicolae_spider_hilbert_4_sides_1_open,
          nicolae_spider_hilbert_4_sides_1_open,
          nicolae_spider_hilbert_4_sides_1_open,
          nicolae_spider_hilbert_4_sides_1_open,
          nicolae_spider_hilbert_3_sides_1_open,
          nicolae_spider_hilbert_3_sides_1_open,
          nicolae_spider_hilbert_3_sides_1_open,
          nicolae_spider_hilbert_3_sides_1_open,
          nicolae_spider_hilbert_3_sides_1_open,
          nicolae_spider_hilbert_6_sides_1_open,
          nicolae_spider_hilbert_6_sides_1_open,
          nicolae_spider_hilbert_3_sides_1_open,
          nicolae_spider_hilbert_3_sides_1_open,
          nicolae_spider_hilbert_3_sides_1_open,
          nicolae_spider_hilbert_3_sides_1_open,
          nicolae_spider_hilbert_2_sides_1_open], uniq_donald
Spider:3: layout_spider_delve, uniq_arachne
Spider:4: spider_rune_water
Orc:1:    layout_caves
Orc:2:    kennysheep_orc_mage_school, layout_caves, gauntlet_entry_generic,
          serial_shops, shop
Elf:1:    minmay_elf_arrival_plus, layout_loops_cross, uniq_norris,
          uniq_asterion
Elf:2:    nicolae_elf_blades_splatter_lattice
          [nicolae_blade_entry_sentries_behind_glass], layout_geoelf_grid,
          serial_shops, nicolae_shop_gibbet_a_chance, minmay_misc_feat_rows
Elf:3:    grunt_elf_hall_branching, layout_gridlike, uniq_mara

Skill      XL: |  1  2  3  4  5  6  7  8  9 10 11 12 13 14 15 16 17 |
---------------+----------------------------------------------------+-----
Fighting       | 2 3 4 6 8 12 13 14 16 17 18 19 20 | 20.2
Ranged Weapons | 2 4 |  4.0
Hexes          | 4 5 |  5.0
Axes           | 4 6 7 10 16 18 20 21 22 23 | 23.6
Armour         | 2 5 7 9 12 13 14 16 17 18 | 18.5
Evocations     | 5 |  5.0
Dodging        | 4 6 7 9 10 11 12 13 | 13.0
Shields        | 8 |  8.1
Spellcasting   | |  1.0
Fire Magic     | |  1.1

Action                     |  1- 3 |  4- 6 |  7- 9 | 10-12 | 13-15 | 16-18 || total
---------------------------+-------+-------+-------+-------+-------+-------++-------
  Melee: War axe           |       |       |    44 |       |       |       ||    44
         Hand axe          |       |       |   173 |   331 |       |       ||   504
         Punch             |       |       |     3 |     1 |       |       ||     4
         Battleaxe         |       |       |       |   887 |  2148 |       ||  3035
         Morningstar       |       |       |       |   246 |    10 |       ||   256
         Unarmed           |       |       |       |    19 |       |       ||    19
         Executioner's axe |       |       |       |       |   125 |   564 ||   689
         Broad axe         |       |       |       |       |       |    92 ||    92
   Fire: Sling             |   148 |   137 |    23 |       |       |       ||   308
  Throw: Dart              |       |       |       |     1 |       |       ||     1
   Cast: Jinxbite          |     1 |     7 |     1 |       |       |       ||     9
 Invoke: Sacrifice Arcana  |       |       |     1 |       |       |       ||     1
         Sacrifice Drink   |       |       |     1 |       |       |       ||     1
         Power Leap        |       |       |       |     2 |     3 |     1 ||     6
         Sacrifice Experie |       |       |       |     2 |       |       ||     2
         Draw Out Power    |       |       |       |     2 |     4 |     2 ||     8
         Apocalypse        |       |       |       |     3 |     3 |     5 ||    11
         Sacrifice Love    |       |       |       |     1 |       |       ||     1
  Evoke: Wand              |       |       |       |     5 |    18 |     5 ||    28
    Use: Scroll            |     2 |     7 |     4 |    14 |    16 |     8 ||    51
         Potion            |       |     3 |     1 |     3 |    10 |    13 ||    30
   Stab: Distracted        |       |       |       |     5 |    12 |     9 ||    26
         Paralysed         |       |       |       |    14 |    33 |     8 ||    55
         Invisible         |       |       |       |     8 |    35 |    10 ||    53
         Confused          |       |       |       |     1 |       |       ||     1
         Petrified         |       |       |       |     1 |       |       ||     1
 Armour: Robe              |    21 |    77 |     4 |       |       |       ||   102
         Chain mail        |       |       |   220 |  1222 |  1873 |   579 ||  3894
         Skin              |       |       |       |    20 |       |       ||    20
         Quicksilver drago |       |       |       |       |   133 |       ||   133
  Dodge: Dodged            |    21 |    73 |    94 |  1058 |  1639 |   535 ||  3420
  Block: Buckler           |       |       |    24 |    73 |       |    12 ||   109

Table legend: (Time is in decaauts)
 A = Elapsed time spent in this place.
 B = Non-inter-level travel time spent in this place.
 C = Inter-level travel time spent in this place.
 D = Time resting spent in this place.
 E = Time spent auto-exploring this place.
 F = Levels seen in this place.
 G = Mean time per level.
                   A        B        C        D        E       F      G
               +--------+--------+--------+--------+--------+-----+--------+
         Total |  39005 |  34995 |   4010 |   6420 |  19035 |  36 | 1083.5 |
       Dungeon |  17436 |  15379 |   2057 |   1881 |   9671 |  15 | 1162.4 |
        Temple |      1 |      1 |      0 |      0 |      0 |   1 |    1.0 |
          Lair |   6403 |   5848 |    555 |   1365 |   3195 |   5 | 1280.6 |
         Swamp |   3624 |   3428 |    196 |    659 |   1737 |   4 |  906.0 |
   Spider Nest |   6706 |   6331 |    375 |   2021 |   2404 |   4 | 1676.5 |
  Orcish Mines |   1771 |   1143 |    628 |      0 |    684 |   2 |  885.5 |
   Elven Halls |   2690 |   2494 |    196 |    479 |   1227 |   3 |  896.7 |
      Ice Cave |    171 |    171 |      0 |     14 |      0 |   1 |  171.0 |
      Gauntlet |    200 |    200 |      0 |      0 |    116 |   1 |  200.0 |
               +--------+--------+--------+--------+--------+-----+--------+

Top non-repeatable levels by time:
Spider:3: 2593 daAuts
Spider:4: 1733 daAuts
     D:7: 1684 daAuts
  Lair:2: 1612 daAuts
Spider:2: 1601 daAuts
     D:9: 1448 daAuts
  Lair:5: 1405 daAuts
   Orc:2: 1369 daAuts
   Elf:2: 1354 daAuts
     D:6: 1322 daAuts
    D:10: 1299 daAuts
     D:3: 1290 daAuts
    D:12: 1255 daAuts
  Lair:1: 1217 daAuts
     D:5: 1178 daAuts
